 Dungeon Crawl Stone Soup version 0.30-a0-570-g486de37d69 (webtiles) character file.

Game seed: 10367539440892122642

26143 sanka the Nimble (level 12, -3/112 HPs)
             Began as a Demigod Earth Elementalist on Dec 29, 2022.
             Slain by an ice dragon (7 damage)
             ... on level 5 of the Lair of Beasts.
             The game lasted 00:29:45 (15469 turns).

sanka the Nimble (Demigod Earth Elementalist)      Turns: 15469, Time: 00:29:45

Health: -3/112     AC: 15    Str:  9    XL:     12   Next: 59%
Magic:  2/21       EV: 18    Int: 38    God:
Gold:   695        SH:  0    Dex: 14    Spells: 9/19 levels left

rFire   . . .      SeeInvis .    b - +4 hand axe "Goblinbane" {spect, rN+ Int+5}
rCold   . . .      Faith    .    (no shield)
rNeg    + . .      Spirit   .    R - +0 steam dragon scales
rPois   .          Reflect  .    s - +0 helmet
rElec   .          Harm     .    T - +0 cloak
rCorr   .          Rampage  .    (no gloves)
Will    +....                    (no boots)
Stlth   ++                       u - amulet of the acrobat
HPRegen 0.38/turn                M - +4 ring of protection
MPRegen 0.17/turn                v - +4 ring of protection

@: no status effects
A: high MP 1, forlorn, divine attributes
a: no special abilities


You were on level 5 of the Lair of Beasts.
You visited 2 branches of the dungeon, and saw 15 of its levels.

You collected 781 gold pieces.
You spent 86 gold pieces at shops.


Innate Abilities, Weirdness & Mutations

You have an increased reservoir of magic. (+10% MP)
You shall have no god before yourself.
Your divine heritage dramatically boosts your attributes as you level up.


   Skills:
 - Level 12.0 Fighting
 - Level 12.0 Dodging
 - Level 1.7 Stealth
 - Level 4.0 Spellcasting
 - Level 6.0 Conjurations
 - Level 2.0 Transmutations
 + Level 9.3 Earth Magic


You had 9 spell levels left.
You knew the following spells:

 Your Spells              Type           Power      Damage    Failure   Level
c - Petrify               Tmut/Erth      50%        N/A       3%          4
x - Stone Arrow           Conj/Erth      100%       3d13      1%          3
z - Sandblast             Erth           100%       2d20      1%          1
N - Passwall              Tmut/Erth      41%        N/A       1%          2

Your spell library contained the following spells:

 Spells                   Type           Power      Damage    Failure   Level
 Hailstorm                Conj/Ice       30%        3d8       3%          3
 Mephitic Cloud           Conj/Pois/Air  22%        N/A       4%          3
 Cigotuvi's Dreadful Rot  Necr/Pois/Air  14%        N/A       5%          2
 Ensorcelled Hibernation  Hex/Ice        14%        N/A       5%          2
 Poisonous Vapours        Pois/Air       14%        N/A       5%          2
 Ignite Poison            Fire/Tmut/Pois 12%        N/A       9%          3
 Gell's Gravitas          Tloc           7%         N/A       11%         3
 Kindle Blastsparks       Fire/Tloc/Air  14%        2d11      11%         3
 Swiftness                Air            7%         N/A       11%         3
 Teleport Other           Tloc           7%         N/A       11%         3
 Ice Form                 Ice/Tmut       15%        N/A       24%         4
 Dispel Undead            Necr           7%         3d8       36%         4
 Freezing Cloud           Conj/Ice/Air   11%        6-21      41%         5
 Death Channel            Necr           3%         N/A       99%         6
 Dispersal                Tloc           3%         N/A       99%         6
 Simulacrum               Ice/Necr       3%         N/A       99%         6

Inventory:

Hand Weapons
 b - the +4 hand axe "Goblinbane" (weapon) {spect, rN+ Int+5} When its wielder attacks, the weapon's spirit leaps out and strikes again. The spirit shares a part of any damage it takes with its wielder. Int: It affects your intelligence (+5). rN: It protects you from negative energy.
 n - a +0 spear
 o - a +3 dagger
 H - a +2 whip of electrocution
 I - a +0 broad axe
 P - a -1 spear of distortion
Missiles
 A - 2 throwing nets {=f}
 V - 10 curare-tipped darts {=f}
Armour
 s - a +0 helmet (worn)
 J - +0 acid dragon scales
 R - +0 steam dragon scales (worn)
 T - a +0 cloak (worn)
 X - a +0 pair of gloves
Magical Staves
 a - a staff of earth
Jewellery
 u - an amulet of the acrobat (around neck)
 v - a +4 ring of protection (right hand)
 C - a ring of see invisible
 M - a +4 ring of protection (left hand)
 U - a ring of protection from fire
Wands
 W - a wand of iceblast (9)
Scrolls
 c - 4 scrolls of noise {!r}
 e - 9 scrolls of teleportation {@r4}
 i - 4 scrolls of enchant armour
 j - 3 scrolls of immolation {!r}
 k - 3 scrolls of fog
 m - 3 scrolls of blinking
 q - 2 scrolls of poison {!r}
 w - 4 scrolls of amnesia
 y - 3 scrolls of enchant weapon
 B - a scroll of butterflies
 F - 3 scrolls of vulnerability {!r}
Potions
 d - 4 potions of heal wounds {@q2}
 f - a potion of flight {unknown}
 g - 2 potions of brilliance {unknown}
 h - 7 potions of curing {@q1}
 l - 2 potions of resistance {unknown}
 p - 3 potions of degeneration {unknown}
 r - 4 potions of berserk rage {unknown}
 t - 3 potions of cancellation {unknown}
 x - 3 potions of lignification {unknown}
 D - 2 potions of mutation {unknown}
 E - 2 potions of haste {unknown}
 G - 3 potions of magic
 K - a potion of attraction {unknown}
 O - 4 potions of might {unknown}

Dungeon Overview and Level Annotations

Branches:
Dungeon (10/15)            Temple (0/1) D:4            Lair (5/5) D:10
 Shoals (0/4) Lair:3        Snake (0/4) Lair:2        Slime (0/5) Lair:4
    Orc (0/2) D:9

Shops:
D:2 *=?   D:9 *   D:10 (

Portals:
Trove: D:10 (give +4 shadow dragon scales)
Ice
Cave: Lair:5

Annotations:
D:6 3 runed translucent doors, cmoyniez's ghost, weakling DjDe
D:8 5 transporters
Lair:1 3 runed translucent doors, Fypraclaro's ghost, journeyman GnHW
Lair:5 exclusion: oklob plant

░▒.....▒░░░░░░ ▒
▒▒▒.....▒▒
▒▒▒▒▒▒▒........▒
▒.▒.▒▒.....▒...▒
...........▒...▒▒
........Y▒▒▒▒P..▒
......Y.Y▒ ▒▒Y▒▒
......YY▒▒ ▒▒Y▒▒
.........▒ ▒▒p▒
.......▒.▒▒▒▒ ▒D▒▒
..........▒.▒░▒h░
............▒░.h░░░
...........▒▒▒▒.,,░
...........▒░░..,░░
...........▒░,£.,,░
..........|▒░,.∩,,░
...........▒░,,,,,░


You could see an ice dragon (catching breath), 2 elephants, a polar bear and a
wolf.


Message History

The ice dragon barely misses you.
The ice dragon tramples you but does no damage.
The elephant barely misses you.
The elephant trunk-slaps you but does no damage.
Aiming: Stone Arrow (safe; 1% risk of failure)
Aim: an ice dragon (moderately wounded, 84% to hit)
The stone arrow hits the ice dragon!!
The ice dragon is severely wounded.
The ice dragon misses you. The ice dragon barely misses you.
The ice dragon completely misses you. The elephant closely misses you.
The elephant trunk-slaps you but does no damage.
Aiming: Stone Arrow (safe; 1% risk of failure)
Aim: an ice dragon (severely wounded, 84% to hit)
The stone arrow hits the ice dragon!
The ice dragon is severely wounded.
The ice dragon breathes frost at you. The blast of cold hits you!!
* * * LOW HITPOINT WARNING * * *
The elephant closely misses you. The elephant misses you.
Aiming: Stone Arrow (safe; 1% risk of failure)
Aim: an ice dragon (severely wounded, catching its breath, 84% to hit)
The stone arrow hits the ice dragon!!
The ice dragon is almost dead.
The ice dragon misses you. The ice dragon barely misses you.
The ice dragon tramples you!
You die...

Action                   |  1- 3 |  4- 6 |  7- 9 | 10-12 || total
-------------------------+-------+-------+-------+-------++-------
Melee: Unarmed           |    17 |       |       |       ||    17
       Dagger            |     2 |     1 |       |       ||     3
       Hand axe          |       |       |    23 |    73 ||    96
       Punch             |       |       |       |     1 ||     1
 Cast: Sandblast         |    57 |    31 |    98 |   239 ||   425
       Stone Arrow       |       |     1 |    10 |    99 ||   110
       Petrify           |       |       |       |     1 ||     1
Evoke: Wand              |       |     2 |     9 |    13 ||    24
  Use: Scroll            |     4 |       |       |    13 ||    17
       Potion            |       |       |       |     2 ||     2
 Stab: Sleeping          |     1 |     1 |       |       ||     2
       Distracted        |       |       |     1 |     1 ||     2
Armor: Robe              |    10 |     4 |     1 |       ||    15
       Acid dragon scale |       |       |    43 |    13 ||    56
       Steam dragon scal |       |       |       |   142 ||   142
Dodge: Dodged            |    22 |     9 |   122 |   478 ||   631

Levels and vault maps discovered:
D:1:      minmay_arrival_checkered_box, layout_basic,
          dreamdust_ecumenical_altar_sealed_demon
D:2:      layout_loops_cross, serial_shops, nicolae_shop_waterfront,
          nicolae_shop_hallway_plus, shop, shop
D:3:      wander_river, layout_loops_ring
D:4:      layout_basic, nicolae_overflow_hidden_temple,
          minmay_temple_entry_statues_fountains
D:5:      layout_basic, roderic_lattice_a, chequers_serial_rivers_room_a
D:6:      nicolae_BIG_FREAKIN_CUBE, layout_rooms,
          mainiacjoe_overflow_concentric_impassable,
          gammafunk_ghost_nasty_kobolds
D:7:      layout_basic, uniq_pikel, uniq_maggie, uniq_menkaure
D:8:      gammafunk_the_bubble [the_bubble_gammafunk_roulette],
          layout_loops_ring, kennysheep_generic_room_4
D:9:      cheibrodos_steamvent, layout_cave_pools, grunt_temple_overflow_open,
          david_orc_2, nicolae_shop_fire_sale [nicolae_sub_dead_trees],
          reono_crystal_passage, uniq_grum
D:10:     layout_basic, dpeg_oklobed_lair, nicolae_trove_entry_free_sample,
          doesnt_shop_hydraphobe
Lair:1:   layout_chaotic_city, gammafunk_ghost_hydra_chop, uniq_sonja
Lair:2:   layout_gridlike, guppyfry_snake_entry_island
Lair:3:   layout_cave_pods, shoals_dummy_entry, grunt_megastairs_2,
          lemuel_fruit_fields
Lair:4:   layout_concentric_octagons, dpeg_slime_entry_enclosed,
          wad_woods_road_05, grunt_megastairs_4
Lair:5:   hellmonk_lair_end_abyssal_woods, layout_hall_layers,
          portal_ice_cave_entry_animals_and_master

Notes
Turn   | Place    | Note
-------+----------+-------------------------------------------
     0 | D:1      | sanka the Demigod Earth Elementalist began the quest for
                  | the Orb.
     0 | D:1      | Reached XP level 1. HP: 14/14 MP: 5/5
   319 | D:1      | Reached skill level 2 in Spellcasting
   381 | D:1      | Reached skill level 3 in Earth Magic
   561 | D:1      | Noticed a reaper
   848 | D:1      | Reached XP level 2. HP: 20/20 MP: 4/7
   879 | D:1      | Learned a level 2 spell: Passwall
   929 | D:2      | Found Hudinoer's Magic Scroll Emporium.
  1222 | D:2      | Found Vur Ofy's General Store.
  1458 | D:2      | Found Ceteu's Jewellery Shop.
  1497 | D:2      | Found Axonew's Book Shop.
  1643 | D:2      | Reached XP level 3. HP: 26/26 MP: 8/8
  1762 | D:2      | Bought a scroll of identify for 24 gold pieces
  1795 | D:3      | Learned a level 3 spell: Stone Arrow
  2426 | D:2      | Bought a potion of curing for 36 gold pieces
  2458 | D:2      | Bought a scroll of identify for 26 gold pieces
  2509 | D:4      | Found a staircase to the Ecumenical Temple.
  2516 | D:4      | Reached skill level 4 in Earth Magic
  2587 | D:4      | Reached skill level 1 in Conjurations
  2774 | D:4      | Reached XP level 4. HP: 32/33 MP: 7/9
  2998 | D:4      | Reached skill level 2 in Conjurations
  3055 | D:4      | Reached XP level 5. HP: 35/38 MP: 6/10
  3553 | D:5      | Entered Level 5 of the Dungeon
  3767 | D:5      | Reached skill level 3 in Conjurations
  3767 | D:5      | Reached skill level 5 in Earth Magic
  3865 | D:5      | Reached XP level 6. HP: 45/45 MP: 8/11
  4056 | D:5      | Reached skill level 4 in Conjurations
  4077 | D:5      | Noticed a troll
  4090 | D:5      | Killed a troll
  4091 | D:5      | Reached skill level 6 in Earth Magic
  4091 | D:5      | Reached XP level 7. HP: 50/50 MP: 4/13
  4675 | D:6      | Reached skill level 5 in Conjurations
  4775 | D:6      | Found a runed translucent gate.
  4775 | D:6      | Found a runed translucent gate.
  4775 | D:6      | Found a runed translucent gate.
  4775 | D:6      | Noticed a kobold demonologist
  4775 | D:6      | Noticed cmoyniez's ghost (weakling DjDe)
  4840 | D:6      | Identified the +4 hand axe "Goblinbane" {spect, rN+ Int+5}
  5269 | D:7      | Noticed Pikel
  5331 | D:7      | Killed Pikel
  5332 | D:7      | Reached skill level 6 in Conjurations
  5332 | D:7      | Reached skill level 8 in Earth Magic
  5332 | D:7      | Reached skill level 2 in Dodging
  5332 | D:7      | Reached XP level 8. HP: 58/58 MP: 7/14
  5412 | D:7      | Reached skill level 1 in Fighting
  5461 | D:7      | Identified +0 acid dragon scales
  5461 | D:7      | Noticed Maggie
  5468 | D:7      | Killed Maggie
  5469 | D:7      | Reached skill level 2 in Fighting
  5469 | D:7      | Reached skill level 3 in Dodging
  5642 | D:7      | Noticed Menkaure
  5643 | D:7      | Reached skill level 3 in Fighting
  5647 | D:7      | Killed Menkaure
  5648 | D:7      | Reached skill level 4 in Dodging
  5869 | D:7      | Reached XP level 9. HP: 59/71 MP: 7/15
  5980 | D:7      | Reached skill level 4 in Fighting
  6456 | D:8      | Found a transporter.
  6458 | D:8      | Noticed a two-headed ogre
  6461 | D:8      | Found a transporter.
  6532 | D:8      | Reached skill level 5 in Dodging
  6645 | D:8      | Noticed a centaur warrior
  6678 | D:8      | Found a transporter.
  6679 | D:8      | Found a transporter.
  6694 | D:8      | Found a transporter.
  7058 | D:9      | Reached skill level 5 in Fighting
  7228 | D:9      | Noticed Grum
  7234 | D:9      | Killed Grum
  7235 | D:9      | Reached skill level 6 in Dodging
  7239 | D:9      | Noticed a two-headed ogre
  7247 | D:9      | Killed a two-headed ogre
  7248 | D:9      | Reached skill level 6 in Fighting
  7394 | D:9      | Reached skill level 7 in Dodging
  7543 | D:9      | Found a staircase to the Orcish Mines.
  7581 | D:9      | Reached XP level 10. HP: 36/84 MP: 13/16
  7587 | D:9      | Reached skill level 7 in Fighting
  7801 | D:9      | Found Ruogih's Fire Supplies.
  8103 | D:9      | Identified +0 steam dragon scales
  8236 | D:10     | Entered Level 10 of the Dungeon
  8373 | D:10     | Found a staircase to the Lair.
  8373 | D:10     | Noticed an oklob plant
  8407 | D:10     | Noticed a two-headed ogre
  8415 | D:10     | Killed a two-headed ogre
  8416 | D:10     | Reached skill level 8 in Fighting
  8416 | D:10     | Reached skill level 8 in Dodging
  8894 | D:10     | Found a portal to a secret trove of treasure.
  8984 | D:10     | Found Obir's Hydra Hut.
  8990 | D:10     | Noticed a four-headed hydra
  9140 | D:10     | Reached skill level 9 in Dodging
  9331 | D:10     | Identified +0 steam dragon scales
  9474 | D:10     | Killed an oklob plant
  9594 | Lair:1   | Entered Level 1 of the Lair of Beasts
  9698 | Lair:1   | Noticed Sonja
  9719 | D:10     | Learned a level 4 spell: Petrify
  9733 | Lair:1   | Killed Sonja
  9734 | Lair:1   | Reached skill level 2 in Transmutations
  9830 | Lair:1   | Reached XP level 11. HP: 95/95 MP: 10/18
  9884 | Lair:1   | Reached skill level 3 in Spellcasting
 10227 | Lair:1   | Reached skill level 4 in Spellcasting
 10227 | Lair:1   | Reached skill level 9 in Fighting
 10531 | Lair:1   | Found a runed translucent gate.
 10531 | Lair:1   | Found a runed translucent gate.
 10531 | Lair:1   | Found a runed translucent gate.
 10532 | Lair:1   | Noticed a 12-headed hydra
 10533 | Lair:1   | Noticed Fypraclaro's ghost (journeyman GnHW)
 10535 | Lair:1   | Noticed a ten-headed hydra
 11129 | Lair:2   | Found a staircase to the Snake Pit.
 11292 | Lair:2   | Reached skill level 10 in Dodging
 11303 | Lair:2   | Reached skill level 10 in Fighting
 11591 | Lair:2   | Identified +0 steam dragon scales
 12616 | Lair:3   | Found a staircase to the Shoals.
 12836 | Lair:3   | Noticed an eight-headed hydra
 12844 | Lair:3   | Killed an eight-headed hydra
 12991 | Lair:3   | Reached skill level 11 in Dodging
 13253 | Lair:3   | Reached skill level 11 in Fighting
 13253 | Lair:3   | Reached XP level 12. HP: 110/110 MP: 4/21
 13732 | Lair:4   | Noticed a seven-headed hydra
 13736 | Lair:4   | Killed a seven-headed hydra
 13839 | Lair:4   | Found a staircase to the Slime Pits.
 14836 | Lair:5   | Entered Level 5 of the Lair of Beasts
 14848 | Lair:5   | Reached skill level 12 in Dodging
 14890 | Lair:5   | Reached skill level 12 in Fighting
 15063 | Lair:5   | Found a frozen archway.
 15064 | Lair:5   | Noticed an ice dragon
 15120 | Lair:5   | HP: 8/112 [poisoned by a black mamba]
 15171 | Lair:4   | Reached skill level 9 in Earth Magic
 15468 | Lair:5   | HP: 4/112 [ice dragon/blast of cold (23)]
 15469 | Lair:5   | Slain by an ice dragon

Vanquished Creatures
  2 hydras
  2 two-headed ogres
  Sonja (Lair:1)
  Pikel (D:7)
  An oklob plant (D:10)
  3 black mambas
  8 cane toads
  3 komodo dragons
  Maggie (D:7)
  A rime drake (Lair:1)
  A troll (D:5)
  4 polar bears
  18 blink frogs
  29 yaks
  4 wraiths
  3 basilisks
  4 wyverns
  4 steam dragons
  Grum (D:9)
  8 vampire mosquitoes
  Menkaure (D:7)
  2 nagas (Lair:2)
  12 water moccasins
  An orc warrior (D:9)
  3 ice beasts
  A black bear (Lair:1)
  2 sky beasts (D:7)
  13 wolves
  5 centaurs
  3 lemures (D:7)
  2 phantoms
  6 bullfrogs
  3 scorpions
  20 killer bees
  A hound (D:5)
  3 orc priests
  A gnoll bouda (D:7)
  5 jellies
  An iguana (D:4)
  3 orc wizards
  4 gnolls (D:7)
  3 adders
  An ufetubus (D:5)
  4 dart slugs
  20 orcs
  6 ball pythons
  2 endoplasms
  5 giant cockroaches
  3 hobgoblins
  4 kobolds
  4 quokkas
  4 bats
  2 frilled lizards
  4 goblins
  3 rats
  2 butterflies (Lair:3)
258 creatures vanquished.

Vanquished Creatures (collateral kills)
  A yak (Lair:5)
1 creature vanquished.

Vanquished Creatures (others)
  5 yaks (Lair:5)
  29 fungi
  44 plants
78 creatures vanquished.

Grand Total: 337 creatures vanquished
